 Dungeon Crawl Stone Soup version 0.32-a0-818-gb728d0252e (webtiles) character file.

Game seed: 16735583566292810275

639 pokeman the Magician (level 7, -9/40 HPs)
             Began as a Deep Elf Hedge Wizard on Mar 24, 2024.
             Mangled by an orc warrior
             ... wielding a +0 mace
              (14 damage)
             ... on level 5 of the Dungeon on Mar 25, 2024.
             The game lasted 00:07:15 (5063 turns).

pokeman the Magician (Deep Elf Hedge Wizard)        Turns: 5063, Time: 00:07:16

Health: -9/40      AC:  2    Str:  7    XL:     7   Next: 26%
Magic:  14/20      EV: 12    Int: 27    God:
Gold:   219        SH:  0    Dex: 14    Spells: 13/21 levels left

rFire   + . .        q - +0 dagger (venom)
rCold   . . .        (no shield)
rNeg    . . .        v - +0 robe of Words of Power {rF+}
rPois   .            c - +0 hat
rElec   .            r - scarf {+Inv}
rCorr   .            (no gloves)
SInv    .            (no boots)
Will    .....        (no amulet)
Stlth   ++           l - +6 ring of intelligence
HPRegen 0.26/turn    (no ring)
MPRegen 0.17/turn

%: no passive effects
@: no status effects
A: no striking features
a: Evoke Invisibility


You were on level 5 of the Dungeon.
You visited 1 branch of the dungeon, and saw 5 of its levels.

You collected 219 gold pieces.

Inventory:

Hand Weapons
 b - the +6 whip "Vaugaav" {holy, Fly}
   (You found it on level 3 of the Dungeon)

   Fly:       It grants you flight.
 q - a +0 dagger of venom (weapon)
 u - a +3 dagger of pain
Armour
 c - a +0 hat (worn)
 r - a scarf of invisibility (worn)
 v - the +0 robe of Words of Power (worn) {rF+}
   (You found it on level 3 of the Dungeon)

   rF+:       It protects you from fire.
Magical Staves
 a - a staff of earth
Jewellery
 l - a +6 ring of intelligence (left hand)
Wands
 p - a wand of charming (3)
 y - a wand of mindburst (20)
 B - a wand of flame (15)
Scrolls
 e - 6 scrolls of identify {unknown}
 f - 2 scrolls of teleportation {unknown}
 i - a scroll of amnesia {unknown}
 n - a scroll of enchant weapon {unknown}
 s - a scroll of noise {unknown}
 w - a scroll of poison {unknown}
 x - a scroll of revelation {unknown}
Potions
 d - 2 potions of magic
 g - 4 potions of might {unknown}
 h - a potion of mutation {unknown}
 j - a potion of invisibility {unknown}
 k - a potion of degeneration {unknown}
 m - 2 potions of lignification {unknown}
 o - a potion of attraction {unknown}
 t - 2 potions of cancellation {unknown}
 z - a potion of enlightenment {unknown}
 A - a potion of curing {unknown}


   Skills:
 + Level 2.0 Fighting
 - Level 1.0 Armour
 - Level 3.0 Dodging
 - Level 3.0 Stealth
 * Level 7.6 Spellcasting
 + Level 3.7 Conjurations
 - Level 1.1 Summonings
 - Level 1.1 Necromancy
 - Level 1.1 Translocations
 - Level 1.0 Air Magic
 + Level 2.4 Earth Magic
 - Level 1.0 Alchemy
 - Level 1.0 Evocations


You had 13 spell levels left.
You knew the following spells:

 Your Spells              Type           Power      Damage    Failure   Level
a - Magic Dart            Conj           100%       1d8       1%          1
b - Mephitic Cloud        Conj/Alch/Air  20%        N/A       8%          3
c - Call Imp              Summ           32%        N/A       5%          2
d - Blink                 Tloc           32%        N/A       5%          2

Your spell library contained the following spells:

 Spells                   Type           Power      Damage    Failure   Level
 Searing Ray              Conj           60%        2d6       1%          2
 Slow                     Hex            40%        N/A       5%          1
 Cigotuvi's Dreadful Rot  Necr/Alch/Air  32%        N/A       5%          2
 Jinxbite                 Hex            20%        N/A       9%          2
 Fulminant Prism          Conj/Alch      11%        3d9       21%         4
 Leda's Liquefaction      Alch/Erth      9%         N/A       26%         4
 Petrify                  Alch/Erth      19%        N/A       26%         4
 Yara's Violent Unravell  Hex/Alch       6%         3d5       77%         5
 Metabolic Englaciation   Hex/Ice        5%         N/A       83%         5
 Enfeeble                 Hex            5%         N/A       100%        7


Dungeon Overview and Level Annotations

Branches:
Dungeon (5/15)
 Temple: D:4-7

Altars:


Message History

The orc priest is engulfed in noxious fumes.
The orc priest appears confused.
The orc priest barely misses you.
The orc warrior is engulfed in noxious fumes.
The orc warrior attacks as it pursues you!
The orc warrior hits you with a +0 mace.
You bump into the rock wall.
The orc priest hits the orc warrior but does no damage.
The orc warrior completely misses you.
You hit the orc warrior but do no damage.
The orc warrior is poisoned.
The orc priest misses something.
Something closely misses the orc warrior.
The orc warrior hits you with a +0 mace.
You hit the orc warrior but do no damage.
The orc warrior looks even sicker.
The orc priest hits the orc warrior but does no damage.
Something closely misses the orc warrior.
The orc warrior hits you with a +0 mace!
* * * LOW HITPOINT WARNING * * *
Unknown command.
You feel less confused.
The orc priest hits the orc warrior but does no damage.
The orc priest hits itself with a +0 club.
The orc priest is killed!
The orc warrior attacks as it pursues you!
The orc warrior completely misses you.
Your Fighting skill increases to level 2!
Casting: Mephitic Cloud (dangerous; 8% risk of failure)
Confirm with . or Enter, or press ? or * to list all spells.
Aiming: Mephitic Cloud (dangerous; 8% risk of failure)
Press: ? - help, Shift-Dir - straight line, f - orc warrior
Aim: an orc warrior, wielding a +0 mace and wearing a +0 plate armour (very poisoned, chance to affect: 81%)
The ball explodes into a vile cloud!
The stinking cloud engulfs the orc warrior.
The stinking cloud engulfs you.
Unknown command.
Unknown command.
The orc warrior is engulfed in noxious fumes.
The orc warrior attacks as it pursues you!
The orc warrior hits you with a +0 mace!
You die...

#...###.#.......## #
##........).......####
#.................'...
##...####.........####
#.....###.........# #
#.###.# ##........#
#.# #.# #.....#..#
#.###.# #.#...#...#
#...@.# #...#.#.#..#
###o### #....###....
#§# ..#.. ..#.
#)####....# #)○....#
####......# #....#.
###... ..


You could see an orc warrior (very poisoned).

Vanquished Creatures
  A centaur (D:5)
  Blork the orc (D:4)
  2 bombardier beetles (D:5)
  3 hounds
  An orc priest (D:5)
  A sleepcap (D:4)
  An iguana (D:4)
  2 orc wizards
  12 adders
  A shadow imp (D:5)
  4 ribbon worms
  3 dart slugs
  9 orcs
  3 bats
  6 endoplasms
  2 giant cockroaches
  6 goblins
  4 hobgoblins
  2 jackals (D:3)
  6 kobolds
  3 quokkas
  4 ball pythons
  4 frilled lizards
  8 rats
89 creatures vanquished.

Notes
Turn   | Place    | Note
-------+----------+-------------------------------------------
     0 | D:1      | pokeman the Deep Elf Hedge Wizard began the quest for the
                  | Orb.
     0 | D:1      | Reached XP level 1. HP: 10/10 MP: 7/7
   542 | D:1      | Reached XP level 2. HP: 16/16 MP: 3/9
  1126 | D:1      | Reached skill level 5 in Spellcasting
  1597 | D:2      | Reached XP level 3. HP: 20/20 MP: 5/11
  1605 | D:2      | Learned a level 3 spell: Mephitic Cloud
  1608 | D:2      | Learned a level 2 spell: Blink
  1611 | D:2      | Learned a level 2 spell: Call Imp
  1718 | D:2      | Reached skill level 1 in Armour
  1778 | D:2      | Reached skill level 1 in Fighting
  2045 | D:2      | Reached XP level 4. HP: 25/25 MP: 9/13
  2770 | D:3      | Identified the +0 robe of Words of Power {rF+}
  3021 | D:3      | Reached skill level 6 in Spellcasting
  3021 | D:3      | Reached XP level 5. HP: 21/29 MP: 10/15
  3111 | D:3      | Identified the +6 whip "Vaugaav" {holy, Fly}
  3707 | D:4      | Reached skill level 1 in Necromancy
  3927 | D:4      | Reached skill level 1 in Evocations
  3927 | D:4      | Reached XP level 6. HP: 23/34 MP: 10/17
  3993 | D:4      | Reached skill level 1 in Air Magic
  3993 | D:4      | Reached skill level 1 in Earth Magic
  3993 | D:4      | Reached skill level 1 in Alchemy
  4116 | D:4      | Noticed Blork the orc
  4129 | D:4      | Killed Blork the orc
  4546 | D:5      | Entered Level 5 of the Dungeon
  4655 | D:5      | Reached skill level 7 in Spellcasting
  4689 | D:5      | Reached XP level 7. HP: 39/39 MP: 12/19
  5063 | D:5      | Mangled by an orc warrior

Illustrated notes

Levels and vault maps discovered:
D:1:      dpeg_arrival_erosion, layout_loops_corners, corexii_leaking_fountain
D:2:      layout_basic
D:3:      layout_basic
D:4:      layout_loops_cross, uniq_blork_the_orc
D:5:      layout_loops_corners, minmay_temple_entry_arrows, serial_shops, shop

Skill      XL: |  1  2  3  4  5  6  7 |
---------------+----------------------+-----
Spellcasting   | 5 6 7 |  7.6
Armour         | 1 |  1.0
Fighting       | 1 2 |  2.0
Conjurations   | 2 3 |  3.7
Dodging        | 3 |  3.0
Stealth        | 3 |  3.0
Necromancy     | 1 |  1.1
Evocations     | 1 |  1.0
Air Magic      | 1 |  1.0
Earth Magic    | 2 |  2.4
Alchemy        | 1 |  1.0
Summonings     | |  1.1
Translocations | |  1.1

Action                     |  1- 3 |  4- 6 |  7- 9 || total
---------------------------+-------+-------+-------++-------
  Melee: Dagger            |    10 |    63 |    11 ||    84
         Whip              |       |     4 |       ||     4
   Cast: Magic Dart        |    84 |    95 |    12 ||   191
         Mephitic Cloud    |     2 |    10 |     4 ||    16
         Call Imp          |     1 |     2 |       ||     3
   Stab: Confused          |     2 |    10 |       ||    12
 Armour: Robe              |     8 |    46 |     9 ||    63
  Dodge: Dodged            |    14 |    33 |     9 ||    56

Table legend: (Time is in decaauts)
 A = Elapsed time spent in this place.
 B = Non-inter-level travel time spent in this place.
 C = Inter-level travel time spent in this place.
 D = Time resting spent in this place.
 E = Time spent auto-exploring this place.
 F = Levels seen in this place.
 G = Mean time per level.
                   A        B        C        D        E       F      G
               +--------+--------+--------+--------+--------+-----+--------+
         Total |   5060 |   4938 |    122 |      3 |   4352 |   5 | 1012.0 |
       Dungeon |   5060 |   4938 |    122 |      3 |   4352 |   5 | 1012.0 |
               +--------+--------+--------+--------+--------+-----+--------+

Top non-repeatable levels by time:
     D:1: 1475 daAuts
     D:3: 1222 daAuts
     D:4: 1088 daAuts
     D:2: 757 daAuts
     D:5: 516 daAuts
